 Dungeon Crawl Stone Soup version 0.31-a0-233-g139696dc86 (webtiles) character file.

Game seed: 10490267950786425502

4 olmar the Covered (level 1, 0/19 HPs)
             Began as an Armataur Fighter on July 8, 2023.
             Slain by a jackal (2 damage)
             ... on level 1 of the Dungeon.
             The game lasted 00:00:19 (90 turns).

olmar the Covered (Armataur Fighter)                  Turns: 90, Time: 00:00:20

Health: 0/19       AC:  7    Str: 21    XL:     1   Next: 58%
Magic:  1/1        EV:  7    Int:  8    God:
Gold:   9          SH:  4    Dex:  9    Spells: 0/0 levels left

rFire   . . .        a - +0 flail
rCold   . . .        c - +0 buckler
rNeg    . . .        b - +0 scale mail
rPois   .            (no helmet)
rElec   .            (no cloak)
rCorr   .            (no gloves)
SInv    .            (no barding)
Will    .....        (no amulet) Stlth
                     (no ring)
HPRegen 0.23/turn    (no ring)
MPRegen 0.07/turn

%: roll
@: mighty
A: large, rugged brown scales 3, deformed body, armoured tail, roll, long
tongue, awkward tongue
a: no special abilities


You were on level 1 of the Dungeon.
You visited 1 branch of the dungeon, and saw 1 of its levels.

You collected 9 gold pieces.

Inventory:

Hand Weapons
 a - a +0 flail (weapon)
Armour
 b - a +0 scale mail (worn)
 c - a +0 buckler (worn)
Scrolls
 e - a scroll of revelation


   Skills:
 + Level 2.8 Fighting
 + Level 1.7 Maces & Flails
 + Level 3.7 Armour
 + Level 3.4 Shields


You couldn't memorise any spells.
You didn't know any spells.
Your spell library was empty.

Dungeon Overview and Level Annotations

Branches:
Dungeon (1/15)

Altars:


Innate Abilities, Weirdness & Mutations

You are completely covered in rugged brown scales. (AC +3, +7% HP)
Armour fits poorly on your strangely shaped body.
You have a long armoured tail.
You roll when moving toward enemies. (Rampage)
Your long tongue fully drains potion bottles. (2x potion effects)
Your tongue gives you trouble enunciating. (1.5x scroll delay)


Message History

The jackal bites you but does no damage. x2
A rat comes into view.
The jackal bites you but does no damage. x2
You hit the jackal.
The jackal is heavily wounded.
The jackal bites you. x2; You block the jackal's attack. x2
Unknown command.
Okay, then.
You feel very mighty all of a sudden.
You slurp down every last drop of the potion of might!
The jackal bites you. x2
A ball python comes into view.
The kobold hits you with a +0 dagger.
Unknown command.
You closely miss the jackal.
The jackal is moderately wounded.
The jackal barely misses you. The jackal bites you.
The kobold hits you with a +0 dagger. The jackal barely misses you.
You block the jackal's attack.
You sock the kobold!
You kill the kobold!
You block the jackal's attack. The jackal bites you.
The jackal bites you but does no damage.
Unknown command.
You hit the jackal.
You kill the jackal!
The jackal bites you.
* * * LOW HITPOINT WARNING * * *
Unknown command.
You barely miss the ball python. The jackal barely misses you.
The ball python bites you but does no damage.
A rat comes into view.
The jackal bites you but does no damage.
The ball python barely misses you.
Unknown command.
You barely miss the ball python. The jackal bites you.
* * * LOW HITPOINT WARNING * * *
The ball python bites you but does no damage.
The jackal bites you.
You die...

**,,,,,,*
*,,,,,...#*..,**,**,***
*,,,,,,*
******#.h#$#,**,,**,*,,
******,**** #.K#.##,,,>,,,*,*
*,,,,,,,* ###.K...###.,,,,,,*
*,,,,,,,* #....#......*******
*,,,,,,,* #.*#...#...#*
***,,,?.####.*#.#....#*
*,,,!.....†##Kr...##
*,,,,,**#.S@hK....#
*,,,,,#######h''#.#
*,,,,,+......[..#,#
*,,,,,+.........#,**********
*,,,,,+.........#.#..,,,,,*,
##############...#.#..,,,,,*,
#......'.....#...#.#..,,,,,*,
#......'.....#...#.#..,,,,,,,
#......'.....#...#....,,,,,,*


You could see 2 jackals, a ball python, 2 kobolds and a rat.

Vanquished Creatures
  2 ball pythons (D:1)
  A jackal (D:1)
  A kobold (D:1)
4 creatures vanquished.

Notes
Turn   | Place    | Note
-------+----------+-------------------------------------------
     0 | D:1      | olmar the Armataur Fighter began the quest for the Orb.
     0 | D:1      | Reached XP level 1. HP: 19/19 MP: 1/1
    90 | D:1      | Slain by a jackal

Illustrated notes

Levels and vault maps discovered:
D:1:      minmay_arrival_widening_spiral_wide, layout_basic,
          chequers_ecumenical_altar_simple_redux, kennysheep_small_spiral,
          minmay_pentomino_s4

Action                     || total
---------------------------++-------
  Melee: Flail             ||    13
    Use: Scroll            ||     1
         Potion            ||     1
 Armour: Scale mail        ||    12
  Dodge: Dodged            ||     6
  Block: Buckler           ||     5

Table legend: (Time is in decaauts)
 A = Elapsed time spent in this place.
 B = Non-inter-level travel time spent in this place.
 C = Inter-level travel time spent in this place.
 D = Time resting spent in this place.
 E = Time spent auto-exploring this place.
 F = Levels seen in this place.
 G = Mean time per level.
                   A        B        C        D        E       F      G
               +--------+--------+--------+--------+--------+-----+--------+
         Total |     94 |     94 |      0 |      0 |     64 |   1 |   94.0 |
       Dungeon |     94 |     94 |      0 |      0 |     64 |   1 |   94.0 |
               +--------+--------+--------+--------+--------+-----+--------+

Top non-repeatable levels by time:
     D:1: 94 daAuts
